 Dungeon Crawl Stone Soup version 0.25.1-2-g60ff931df9 (webtiles) character file.

Game seed: 135239176074148336

2343 HawFromDerth the Grappler (level 9, -4/68 HPs)
             Began as a Purple Draconian Transmuter on Sept 26, 2020.
             Slain by a killer bee (8 damage)
             ... on level 7 of the Dungeon.
             The game lasted 00:12:08 (7567 turns).

HawFromDerth the Grappler (DrTm)                    Turns: 7567, Time: 00:12:08

Health: -4/68      AC:  2    Str: 13    XL:     9   Next: 20%
Magic:  17/17      EV: 23    Int: 17    God:
Gold:   254        SH:  0    Dex: 16    Spells: 6/19 levels left

rFire    x . .     SeeInvis .     - Unarmed
rCold    + + .     Gourm    .   (shield currently unavailable)
rNeg     . . .     Faith    .   (armour unavailable)
rPois    x         Spirit   .   (helmet currently unavailable)
rElec    .         Reflect  .   (cloak currently unavailable)
rCorr    .         Harm     .   (gloves currently unavailable)
MR       +....                  (boots currently unavailable)
Stlth    ++........             (no amulet)
HPRegen  0.21/turn              n - ring of ice
MPRegen  0.15/turn              i - ring of protection from cold

@: lethally poisoned (-4 -> -23), spider-form (expiring), berserk cooldown,
slowed, very slow
A: tiny, (breathe power), unfitting armour, AC +7
a: End Transformation


You were on level 7 of the Dungeon.
You were not hungry.
You were a venomous arachnid creature.
You visited 1 branch of the dungeon, and saw 7 of its levels.

You collected 254 gold pieces.

Inventory:

Missiles
 a - 96 arrows
Jewellery
 i - a ring of protection from cold (right front leg)
 n - a ring of ice (left front leg)
 o - an uncursed amulet of magic regeneration
 s - a cursed amulet of inaccuracy
 x - a +6 ring of intelligence {unknown}
 z - an uncursed amulet of guardian spirit {unknown}
Wands
 e - a wand of iceblast (9)
 m - a wand of flame (21)
Scrolls
 b - a scroll of remove curse
 f - a scroll of magic mapping
 g - 2 scrolls of blinking
 h - a scroll of teleportation {unknown}
 k - 5 scrolls of immolation
 q - a scroll of amnesia
 u - 2 scrolls of identify
 v - a scroll of fear {unknown}
 w - a scroll of enchant armour
 y - a scroll of fog {unknown}
Potions
 j - a potion of degeneration
 p - a potion of brilliance {unknown}
 r - a potion of ambrosia {unknown}
 t - a potion of heal wounds {unknown}
Comestibles
 c - 8 rations
 d - a chunk of flesh


   Skills:
 + Level 2.6 Fighting
 + Level 4.9 Dodging
 + Level 2.5 Stealth
 + Level 8.5 Unarmed Combat
 + Level 5.8 Spellcasting
 + Level 4.5 Transmutations
 + Level 2.5 Poison Magic


You had 6 spell levels left.
You knew the following spells:

 Your Spells              Type           Power        Failure   Level  Hunger
a - Beastly Appendage     Tmut           ###...       8%          1    None
b - Spider Form           Tmut/Pois      ###.......   22%         3    ##.....
c - Ice Form              Ice/Tmut       ###.....     67%         4    ####...
d - Blade Hands           Tmut           ###.......   71%         5    #####..

Your spell library contained the following spells:

 Spells                   Type           Power        Failure   Level  Hunger
 Sticks to Snakes         Tmut           ###.....     11%         2    None


Dungeon Overview and Level Annotations

Branches:
Dungeon (7/15)             Temple (0/1) D:4

Altars:
The Shining One

Annotations:
D:6 3 runed translucent doors, tensugalgo's ghost, novice KoGl


Innate Abilities, Weirdness & Mutations

((You can breathe bolts of dispelling energy.))
((Your rich purple scales are hard. (AC +7)))
You cannot fit into any form of body armour.
((You are cold-blooded and may be slowed by cold attacks.))


Message History

The killer bee poisons you!
You are too berserk!
* * * LOW HITPOINT WARNING * * *
You feel sick.
You feel a strong urge to attack something.
* * * LOW HITPOINT WARNING * * *
You feel sick.
Your transformation is almost over.
* * * LOW HITPOINT WARNING * * *
You feel sick.
You feel your anger nearly subside.
You are no longer berserk.
You are exhausted.
You feel yourself slow down.
* * * LOW HITPOINT WARNING * * *
You feel sick. The killer bee barely misses you.
* * * LOW HITPOINT WARNING * * *
You feel very sick.
The killer bee closely misses you. x2; The killer bee misses you.
The killer bee stings you!
You die...

. #.# .### ..# #.# (#.?
#.# #.# ...# #.##... ..
#.## ...# #.#... #.
###... #)### #....
#.###..... #<..# #.#.#
#.#...###. ###.#
#######.#.# #.#...# #.
.#####...##ys..# #.#...#
#.
........#.y..######.#...#
#. .#
#....y.y.###.........# #.
#
#......#..##.###..#####..
###.Z####..#.# ##.#......
#.## ##.#.# #...÷####.
###.# #...###....# #.
#†..# ####.####..##.# #.
#.(y###....#....###.#


You could see 4 killer bees and a hound zombie.

Vanquished Creatures
  Grinder (D:5)
  A hippogriff (D:7)
  Sigmund (D:2)
  Edmund (D:5)
  An orc warrior (D:6)
  A sky beast (D:6)
  2 ice beasts
  An ogre (D:4)
  A centaur (D:7)
  A bullfrog (D:6)
  A scorpion (D:4)
  2 killer bees (D:7)
  4 wights (D:6)
  A bullfrog zombie (D:6)
  2 crimson imps (D:5)
  2 orc priests
  2 hounds (D:6)
  3 orc wizards
  An iguana (D:2)
  5 worker ants
  A hound zombie (D:5)
  A howler monkey skeleton (D:6)
  11 gnolls
  7 adders
  A shadow imp (D:5)
  An ooze (D:2)
  An adder skeleton (D:6)
  4 worms
  5 leopard geckos
  10 orcs
  8 bats
  2 giant cockroaches
  13 goblins
  8 hobgoblins
  13 jackals
  8 kobolds
  4 quokkas
  3 ball pythons
  9 frilled lizards
  A jackal zombie (D:5)
  A quokka skeleton (D:5)
  A quokka zombie (D:5)
  7 rats
154 creatures vanquished.

Vanquished Creatures (others)
  A kobold (D:2)
1 creature vanquished.

Grand Total: 155 creatures vanquished

Notes
Turn   | Place    | Note
-------+----------+-------------------------------------------
     0 | D:1      | HawFromDerth the Draconian Transmuter began the quest for
                  | the Orb.
     0 | D:1      | Reached XP level 1. HP: 16/16 MP: 3/3
   117 | D:1      | Reached XP level 2. HP: 8/23 MP: 3/5
   702 | D:1      | Reached XP level 3. HP: 24/28 MP: 4/6
  1376 | D:2      | Noticed Sigmund
  1516 | D:1      | Learned a level 3 spell: Spider Form
  1528 | D:2      | Killed Sigmund
  1528 | D:2      | Reached skill level 4 in Unarmed Combat
  1528 | D:2      | Reached XP level 4. HP: 23/35 MP: 4/8
  1528 | D:2      | Reached XP level 5. HP: 26/40 MP: 4/9
  1968 | D:2      | Reached XP level 6. HP: 36/47 MP: 7/10
  2878 | D:2      | Reached skill level 5 in Unarmed Combat
  3066 | D:2      | Reached skill level 1 in Stealth
  4312 | D:4      | Your scales start taking on a rich purple colour.
  4312 | D:4      | Reached XP level 7. HP: 42/53 MP: 3/13
  4618 | D:4      | Found a staircase to the Ecumenical Temple.
  4988 | D:5      | Entered Level 5 of the Dungeon
  5055 | D:5      | Reached skill level 6 in Unarmed Combat
  5192 | D:5      | Noticed Grinder
  5214 | D:5      | Killed Grinder
  5214 | D:5      | Reached skill level 1 in Poison Magic
  5214 | D:5      | Reached XP level 8. HP: 24/61 MP: 12/15
  5589 | D:5      | Noticed Edmund
  5598 | D:5      | Killed Edmund
  5778 | D:5      | Found a glowing golden altar of the Shining One.
  5853 | D:5      | Reached skill level 5 in Spellcasting
  6071 | D:6      | Reached skill level 7 in Unarmed Combat
  6235 | D:6      | Found a runed translucent gate.
  6235 | D:6      | Found a runed translucent gate.
  6235 | D:6      | Noticed tensugalgo's ghost (novice KoGl)
  6236 | D:6      | Found a runed translucent gate.
  7032 | D:6      | Reached skill level 8 in Unarmed Combat
  7169 | D:6      | Reached XP level 9. HP: 55/68 MP: 17/17
  7377 | D:6      | Learned a level 4 spell: Ice Form
  7383 | D:6      | Learned a level 5 spell: Blade Hands
  7567 | D:7      | Slain by a killer bee

Illustrated notes

Levels and vault maps discovered:
D:1:      lemuel_arrival_tunnels, layout_basic
D:2:      layout_rooms, uniq_sigmund
D:3:      layout_basic
D:4:      layout_rooms, minmay_temple_entry_slanted, grunt_ministairs_1
D:5:      layout_cave_pools, first_ration, nicolae_tso_carved_into_rock,
          uniq_edmund, uniq_grinder
D:6:      layout_cave_pools, ebering_ghost_rock_garden
D:7:      layout_rooms, nicolae_ossuary_entry_plus

Skill      XL: |  1  2  3  4  5  6  7  8 |
---------------+-------------------------+-----
Dodging        | 2 3 4 |  4.9
Unarmed Combat | 4 5 6 8 |  8.5
Spellcasting   | 3 4 5 |  5.8
Stealth        | 1 2 |  2.5
Transmutations | 3 4 |  4.5
Fighting       | 2 |  2.6
Poison Magic   | 1 2 |  2.5

Action                   |  1- 3 |  4- 6 |  7- 9 || total
-------------------------+-------+-------+-------++-------
Melee: Unarmed           |   114 |   176 |   248 ||   538
       Kick              |    10 |     4 |       ||    14
       Tailslap          |     6 |     6 |     6 ||    18
       Punch             |     2 |     3 |       ||     5
       Headbutt          |     2 |     3 |       ||     5
 Cast: Beastly Appendage |    20 |    22 |     6 ||    48
       Spider Form       |     1 |     7 |    28 ||    36
  Use: Scroll            |       |     7 |     4 ||    11
       Potion            |       |     7 |     1 ||     8
 Stab: Sleeping          |       |     1 |     1 ||     2
  Eat: Chunk             |     2 |     5 |    11 ||    18
       Ration            |       |     2 |       ||     2
Armor: Skin              |    25 |    37 |    22 ||    84
Dodge: Dodged            |   105 |   157 |   230 ||   492
